Map: Orbital Shipyard

Players

INnoVation

  • Race: Terran Terran

MillMlorD (MarineLorD) - Winner!

  • Race: Terran Terran

Event: NationWars III

VOD

https://youtu.be/oguge-t2OD4

Description

Time

  • Played on: Jan. 3, 2016, 4:07 p.m.
  • Length: 10:39
Show
View Real Time Build Order
Export as new Build Order

INnoVation Terran 

Build Orders: Reaper Expand, Bio Tank 

Get SALT Encoding   

  12  0:00  SCV  
  13  0:13  SCV  
  14  0:17  Supply Depot  
  14  0:25  SCV  
  15  0:39  SCV  
  15  0:40  Barracks  
  16  0:43  Refinery  
  16  0:51  SCV  
  17  1:03  SCV  
  18  1:15  SCV  
  19  1:27  Orbital Command  
  19  1:29  Reaper  
  20  1:42  Command Center  
  20  1:53  SCV  
  20  1:54  Supply Depot  
  21  2:06  Factory  
  21  2:07  SCV  
  21  2:14  Refinery  
  21  2:19  SCV  
  22  2:23  Barracks Reactor  
  22  2:32  SCV  
  23  2:44  SCV  
  24  2:51  Starport  
  24  2:55  Widow Mine, Orbital Command  
  24  2:56  SCV  
  27  2:59  Marine x2  
  29  3:08  SCV  
  30  3:16  Marine  
  30  3:17  Marine  
  30  3:18  Supply Depot  
  32  3:20  SCV  
  32  3:22  SCV  
  32  3:25  Factory Tech Lab  
  34  3:27  Medivac  
  34  3:32  SCV  
  34  3:34  SCV, Marine x2  
  38  3:37  Supply Depot  
  40  3:44  Siege Tank  
  40  3:46  SCV x2  
  45  3:52  Marine x2  
  47  3:59  Barracks  
  47  4:01  Medivac  
  49  4:03  SCV x2  
  51  4:10  Marine x2  
  51  4:16  Barracks  
  53  4:19  SCV x2  
  54  4:25  Siege Tank  
  54  4:28  Marine x2  
  54  4:30  Refinery  
  59  4:32  SCV x2  
  61  4:44  SCV  
  62  4:47  Engineering Bay  
  62  4:48  Barracks Tech Lab  
  62  4:52  Refinery  
  62  4:53  Starport Reactor, Marine x2  
  62  5:03  Supply Depot, Barracks Tech Lab  
  62  5:08  Stimpack  
  62  5:10  Barracks  
  62  5:12  Barracks  
  62  5:14  Terran Infantry Weapons Level 1  
  62  5:19  SCV x2  
  61  5:24  Marine x2  
  61  5:25  Marine x2  
  59  5:32  SCV x2  
  54  5:37  Combat Shields  
  54  5:42  Marine x3  
  55  5:44  Siege Tank  
  55  5:49  SCV x2  
  61  5:53  Supply Depot  
  61  5:54  Marine  
  62  5:57  Medivac  
  62  5:59  Marine, Medivac  
  62  6:01  Barracks Reactor  
  62  6:03  Barracks Reactor  
  67  6:04  SCV  
  67  6:06  Marine  
  67  6:07  Marine  
  70  6:12  Supply Depot  
  70  6:14  Marine  
  70  6:16  Siege Tank  
  74  6:19  Supply Depot, Marine  
  74  6:22  SCV  
  74  6:24  Marine  
  74  6:25  Marine  
  78  6:33  Medivac x2, Marine  
  78  6:36  Marine  
  84  6:40  Marine  
  84  6:41  Marine x4  
  84  6:42  Supply Depot x2  
  84  6:43  Marine  
  90  6:50  Siege Tank  
  90  6:51  Marine  
  94  7:03  Marine x6  
  94  7:05  Supply Depot  
  94  7:08  Terran Infantry Armor Level 1  
  99  7:10  Marine x2  
  101  7:21  Marine  
  101  7:22  Siege Tank  
  95  7:23  Medivac  
  95  7:26  Marine x5  
  95  7:27  Marine  
  95  7:28  Marine  
  90  7:31  Medivac  
  92  7:39  Marine  
  92  7:43  Marine  
  92  7:44  Marine x3  
  96  7:46  Marine x2  
  96  7:47  Marine  
  100  7:54  Siege Tank  
  100  7:57  Medivac, Marine  
  106  8:01  Marine x4, Medivac  
  106  8:04  Marine x2  
  106  8:05  Marine  
  115  8:06  Supply Depot  
  115  8:11  Supply Depot  
  115  8:14  Marine  
  115  8:19  Marine x2  
  118  8:23  Marine  
  118  8:28  Siege Tank, Marine x4  
  118  8:32  Marine  
  126  8:35  Medivac x2  
  126  8:37  Marine x2  
  131  8:41  Marine  
  131  8:46  Marine x2  
  134  8:54  Supply Depot  
  134  9:05  Marine  
  134  9:06  Marine x2  
  134  9:07  Medivac x2, Marine x5  
  134  9:08  Siege Tank  
  113  9:23  Marine  
  108  9:24  Marine x2  
  108  9:25  Marine x5  
  115  9:39  Medivac  
  115  9:41  Medivac, Siege Tank, Marine  
  115  9:42  Marine x3  
  115  9:43  Marine x4  
  130  9:59  Marine  
  131  10:00  Marine x5  
  131  10:01  Marine x2  
  141  10:16  Marine  
  141  10:18  Marine x5  
  141  10:19  Marine x2  
Show
View Real Time Build Order
Export as new Build Order

MillMlorD Terran - Winner!

Build Orders: Bio Tank 

Get SALT Encoding   

  12  0:00  SCV  
  13  0:12  SCV  
  14  0:17  Supply Depot  
  14  0:25  SCV  
  15  0:39  SCV, Barracks  
  16  0:51  SCV  
  17  1:03  SCV  
  18  1:13  Command Center  
  18  1:16  SCV  
  19  1:28  Marine  
  19  1:31  Orbital Command  
  20  1:38  Supply Depot  
  20  1:46  Marine  
  21  1:52  Refinery x2  
  21  1:57  SCV  
  22  2:04  Marine  
  23  2:09  SCV  
  24  2:21  SCV  
  24  2:22  Marine  
  26  2:26  Orbital Command  
  26  2:33  SCV  
  27  2:37  Factory  
  27  2:45  SCV  
  27  2:46  Barracks Reactor  
  28  2:52  SCV  
  28  2:57  SCV  
  30  3:02  Supply Depot  
  30  3:04  SCV  
  31  3:10  Command Center, SCV  
  32  3:16  SCV  
  33  3:22  SCV  
  33  3:23  Starport, Marine  
  33  3:24  Marine  
  33  3:26  Factory Tech Lab  
  36  3:29  SCV  
  36  3:34  SCV  
  38  3:41  SCV, Marine  
  39  3:42  Marine  
  39  3:45  Cyclone  
  39  3:46  SCV  
  45  3:53  SCV  
  45  3:54  Supply Depot  
  46  3:58  SCV  
  46  3:59  Marine  
  46  4:00  Viking, Marine  
  51  4:10  SCV  
  52  4:17  Siege Tank, Marine  
  52  4:18  SCV, Marine  
  52  4:22  SCV  
  59  4:25  Refinery  
  59  4:27  Orbital Command  
  59  4:30  SCV  
  60  4:34  SCV, Marine  
  60  4:36  Marine  
  60  4:41  Viking  
  60  4:43  SCV  
  63  4:46  SCV  
  63  4:47  Barracks  
  63  4:52  Marine  
  64  4:55  SCV, Engineering Bay  
  64  4:56  Marine  
  64  4:57  Siege Tank  
  64  4:58  SCV  
  64  4:59  SCV  
  72  5:07  Barracks  
  72  5:08  SCV  
  72  5:11  SCV  
  72  5:12  SCV, Refinery  
  75  5:20  SCV  
  72  5:22  Marine  
  72  5:23  SCV  
  72  5:24  SCV  
  68  5:32  SCV  
  68  5:33  Marine  
  68  5:35  SCV  
  62  5:37  Siege Tank  
  62  5:38  Starport Reactor  
  62  5:39  Orbital Command  
  62  5:42  Barracks Tech Lab  
  66  5:44  Terran Infantry Weapons Level 1, SCV  
  66  5:45  Supply Depot  
  66  5:47  SCV  
  67  5:50  Marine  
  67  5:54  Barracks  
  67  5:55  Barracks Tech Lab, Barracks  
  67  5:56  SCV  
  69  5:59  SCV  
  69  6:03  Supply Depot x2  
  70  6:04  Marine x2  
  70  6:06  SCV, Stimpack  
  70  6:09  SCV  
  74  6:11  SCV, Marine  
  74  6:14  Marine  
  74  6:17  Siege Tank  
  80  6:18  SCV  
  80  6:21  SCV  
  80  6:23  SCV, Marine x2  
  85  6:28  Supply Depot  
  85  6:30  SCV, Medivac  
  85  6:31  Medivac  
  90  6:33  Marine  
  90  6:34  SCV  
  90  6:35  Marine  
  93  6:40  Marine  
  93  6:41  Marine x3  
  93  6:43  Sensor Tower  
  96  6:50  SCV  
  96  6:51  Refinery, Marine  
  96  6:53  Marine  
  99  6:57  SCV  
  99  6:58  Marine x2  
  99  6:59  Marine x2  
  99  7:00  Supply Depot x2  
  104  7:02  SCV  
  104  7:03  Medivac x2  
  109  7:13  SCV  
  109  7:14  Marine  
  109  7:17  SCV  
  109  7:18  Marine x2  
  109  7:22  SCV, Siege Tank, Marine  
  116  7:25  SCV  
  116  7:29  SCV  
  116  7:31  Supply Depot x2  
  116  7:32  Marine  
  116  7:33  Supply Depot  
  116  7:34  Barracks Reactor x2  
  116  7:36  Marine x2  
  117  7:37  SCV  
  117  7:38  Terran Infantry Armor Level 1  
  117  7:39  Refinery, Marine  
  117  7:41  SCV  
  117  7:42  Missile Turret x2  
  117  7:43  SCV  
  121  7:50  Marine  
  122  7:53  SCV, Medivac x2  
  122  7:54  Factory, Marine x2  
  122  7:57  Marine  
  130  8:00  Combat Shields  
  130  8:05  SCV  
  131  8:07  Missile Turret  
  131  8:08  Marine  
  131  8:11  Supply Depot, Missile Turret  
  131  8:12  Marine x4  
  136  8:14  Marine x2  
  136  8:16  Marine  
  139  8:20  Supply Depot  
  139  8:26  Marine  
  140  8:30  Marine x4  
  140  8:32  Marine x2  
  140  8:33  Marine  
  146  8:39  Siege Tank  
  146  8:40  Factory Tech Lab  
  148  8:43  Marine  
  148  8:47  Viking, Marine  
  148  8:48  Marine x3  
  155  8:50  Missile Turret, Marine x2  
  155  8:51  Missile Turret, Marine  
  158  9:01  Marine  
  158  9:05  Marine x4  
  158  9:08  Marine x2  
  158  9:09  Marine  
  105  9:19  Marine  
  105  9:21  Siege Tank x2  
  105  9:23  Marine x4  
  115  9:25  Marine x2  
  115  9:27  Marine  
  118  9:33  Barracks x2  
  118  9:37  Marine  
  119  9:41  Marine x4  
  119  9:42  Viking  
  119  9:43  Viking, Marine x2  
  119  9:45  Marine  
  130  9:53  Siege Tank x2  
  130  9:55  Armory, Marine  
  130  9:56  Engineering Bay  
  130  9:59  Marine x4  
  141  10:01  Marine x2  
  141  10:02  Marine  
  143  10:13  Marine  
  144  10:17  Marine x4  
  144  10:19  Marine x2  
  144  10:20  Marine  
Tags
 
Add a new tag
Caveats
  • Supply blocks, unpowered buildings, or Contaminate may cause inaccurate times.
  • Supply counts are checked every 10 seconds.